 Dungeon Crawl Stone Soup version 0.28-a0-1429-gf3d713df7a (webtiles) character file.

Game seed: 12328416530762469744

4 blackman the Sneak (level 1, -3/13 HPs)
             Began as a Human Wanderer on Jan 8, 2022.
             Frozen to death by an endoplasm (5 damage)
             ... on level 1 of the Dungeon.
             The game lasted 00:00:32 (52 turns).

blackman the Sneak (Human Wanderer)                   Turns: 52, Time: 00:00:33

Health: -3/13      AC:  3    Str: 14    XL:     1   Next: 66%
Magic:  1/1        EV: 11    Int: 10    God:
Gold:   7          SH:  0    Dex: 12    Spells: 0/0 levels left

rFire   . . .      SeeInvis .   c - +0 falchion
rCold   . . .      Faith    .   (no shield)
rNeg    . . .      Spirit   .   f - +0 leather armour
rPois   .          Reflect  .   (no helmet)
rElec   .          Harm     .   (no cloak)
rCorr   .          Rampage  .   (no gloves)
Will    .....                   (no boots)
Stlth   ++........              (no amulet)
HPRegen 0.04/turn               (no ring)
MPRegen 0.07/turn               (no ring)

@: no status effects
A: no striking features
a: no special abilities


You were on level 1 of the Dungeon.
You visited 1 branch of the dungeon, and saw 1 of its levels.

You collected 7 gold pieces.

Inventory:

Hand Weapons
 a - a +2 dagger
 c - a +0 falchion (weapon)
 e - a +0 dagger
Missiles
 d - 8 boomerangs (quivered)
Armour
 f - a +0 leather armour (worn)
Scrolls
 g - a scroll of identify {unknown}
Potions
 b - a potion of berserk rage


   Skills:
 + Level 2.4 Long Blades
 - Level 1.0 Throwing
 - Level 1.0 Dodging
 - Level 3.0 Stealth
 - Level 1.0 Invocations
 - Level 2.0 Evocations


You couldn't memorise any spells.
You didn't know any spells.
Your spell library was empty.

Dungeon Overview and Level Annotations

Branches:
Dungeon (1/15)

Altars:


Message History

The slug dart hits you.
An endoplasm comes into view.
Found 12 gold pieces.
The endoplasm quivers.
The dart slug launches a dart at you. The slug dart hits you.
You see here a scroll labelled WUZXOYSIRO.
The dart slug launches a dart at you. The slug dart misses you.
The dart slug bites you but does no damage.
You hit the dart slug but do no damage. You slash the dart slug!
The dart slug is severely wounded.
The dart slug bites you but does no damage.
You hit the dart slug.
You kill the dart slug!
The endoplasm freezes you.
You are frozen.
You are too injured to fight recklessly!
You are too injured to fight recklessly!
You are too injured to fight recklessly!
You are too injured to fight recklessly!
You are too injured to fight recklessly!
You hit the endoplasm but do no damage.
The endoplasm hits you but does no damage.
You hit the endoplasm.
You punch the endoplasm, but do no damage.
The endoplasm is moderately wounded.
The endoplasm freezes you.
You are frozen.
* * * LOW HITPOINT WARNING * * *
You hit the endoplasm but do no damage.
The endoplasm is moderately wounded.
The endoplasm closely misses you.
You barely miss the endoplasm.
The endoplasm is moderately wounded.
The endoplasm barely misses you. The endoplasm freezes you.
You are frozen.
You die...

#...###.#...#........#
#....<....#.#......# .
#...#.###...#..######..
#####..#.. ###.###....#
#..#. #.....#.# ...#
#..†.#..# .###
#?##...#. . #........#
## #@........
#J##.#.... ... .#.#.#
##... $ ... ..... .
..#.##.. #.#.# .....


You could see an endoplasm.

Vanquished Creatures
  A dart slug (D:1)
  A bat (D:1)
2 creatures vanquished.

Notes
Turn   | Place    | Note
-------+----------+-------------------------------------------
     0 | D:1      | blackman the Human Wanderer began the quest for the Orb.
     0 | D:1      | blackman set off with the following items: a +2 dagger, a
                  | potion of berserk rage, a +0 falchion, 8 boomerangs, a +0
                  | dagger, a +0 leather armour
     0 | D:1      | Reached XP level 1. HP: 13/13 MP: 1/1
    52 | D:1      | Frozen to death by an endoplasm

Illustrated notes

Levels and vault maps discovered:
D:1:      psy_arrival_radial01, layout_rooms, minmay_cut_off

Action                   || total
-------------------------++-------
Melee: Falchion          ||     9
       Punch             ||     1
Armor: Leather armour    ||     6
Dodge: Dodged            ||     4

Table legend: (Time is in decaauts)
 A = Elapsed time spent in this place.
 B = Non-inter-level travel time spent in this place.
 C = Inter-level travel time spent in this place.
 D = Time resting spent in this place.
 E = Time spent auto-exploring this place.
 F = Levels seen in this place.
 G = Mean time per level.
                   A        B        C        D        E       F      G
               +--------+--------+--------+--------+--------+-----+--------+
         Total |     53 |     53 |      0 |      0 |     31 |   1 |   53.0 |
       Dungeon |     53 |     53 |      0 |      0 |     31 |   1 |   53.0 |
               +--------+--------+--------+--------+--------+-----+--------+

Top non-repeatable levels by time:
     D:1: 53 daAuts
